 Dungeon Crawl Stone Soup version 0.30.1-9-gdf580d7c3d (webtiles) character file.

Game seed: 14653617344011085705

180 Ivernyr the Shield-Bearer (level 5, -4/42 HPs)
             Began as a Formicid Fighter on Oct 4, 2023.
             Slain by Blork the orc
             ... wielding a +2 battleaxe of electrocution
              (14 damage)
             ... on level 4 of the Dungeon.
             The game lasted 00:05:56 (1978 turns).

Ivernyr the Shield-Bearer (Formicid Fighter)        Turns: 1978, Time: 00:05:57

Health: -4/42      AC:  9    Str: 22    XL:     5   Next: 91%
Magic:  5/5        EV:  8    Int:  8    God:
Gold:   109        SH: 10    Dex: 13    Spells: 4/4 levels left

rFire   . . .        a - +0 flail
rCold   . . .        c - +0 buckler
rNeg    . . .        b - +0 chain mail
rPois   .            (helmet unavailable)
rElec   .            (no cloak)
rCorr   .            (no gloves)
SInv    +            (no boots)
Will    .....        f - amulet of reflection Stlth
                     (no ring)
HPRegen 0.27/turn    (no ring)
MPRegen 0.09/turn

%: reflection
@: mighty
A: permanent stasis, dig shafts and tunnels, antennae 3, four strong arms
a: Dig, Shaft Self


You were on level 4 of the Dungeon.
You visited 1 branch of the dungeon, and saw 4 of its levels.

You collected 109 gold pieces.

Inventory:

Hand Weapons
 a - a +0 flail (weapon)
Armour
 b - a +0 chain mail (worn)
 c - a +0 buckler (worn)
Jewellery
 f - an amulet of reflection (around neck)
Wands
 r - a wand of quicksilver (13)
Scrolls
 e - a scroll of amnesia {unknown}
 h - a scroll of enchant armour {unknown}
 i - 4 scrolls of identify {unknown}
 k - a scroll of enchant weapon {unknown}
 l - a scroll of torment {unknown}
 o - a scroll of vulnerability {unknown}
 u - 3 scrolls of teleportation {unknown}
Potions
 d - a potion of might
 g - a potion of lignification {unknown}
 j - a potion of attraction {unknown}
 m - a potion of invisibility {unknown}
 n - a potion of berserk rage {unknown}
 p - a potion of cancellation {unknown}
 q - a potion of curing {unknown}
 s - a potion of magic {unknown}
 t - 2 potions of heal wounds {unknown}
 v - a potion of brilliance {unknown}


   Skills:
 + Level 4.2 Fighting
 * Level 3.8 Maces & Flails
 + Level 4.2 Armour
 + Level 5.0 Shields


You had 4 spell levels left.
You didn't know any spells.
Your spell library contained the following spells:

 Spells                   Type           Power      Damage    Failure   Level
 Sublimation of Blood     Necr           0%         N/A       99%         2
 Wereblood                Tmut           0%         N/A       99%         2
 Summon Hydra             Summ           0%         N/A       100%        7


Dungeon Overview and Level Annotations

Branches:
Dungeon (4/15)
 Temple: D:4-7

Altars:

Annotations:
D:3 1 runed translucent door, chujev's ghost, novice MfVM
D:4 Blork the orc


Innate Abilities, Weirdness & Mutations

You cannot be hasted, slowed, berserked, paralysed or teleported.
You can dig through walls and to a lower floor.
You have a pair of large antennae on your head. (SInv)
Your four strong arms can wield two-handed weapons with a shield.


Message History

Blork the orc mumbles some strange words.
Blork the orc seems to speed up.
The orc wizard hits you with a +0 dagger.
You closely miss the orc wizard. You block the orc wizard's attack.
The orc wizard hits you with a +0 dagger.
You sock the orc wizard!
The orc wizard is severely wounded.
The orc wizard hits you but does no damage.
You sock the orc wizard!
You kill the orc wizard!
You block Blork the orc's attack.
You sock Blork the orc!
Blork the orc is moderately wounded.
You hear the slow rusting of a very distant drain.
You block Blork the orc's attack. x2
You barely miss Blork the orc.
Blork the orc is moderately wounded.
Blork the orc points at you and mumbles some strange words.
The magic dart hits you. Blork the orc barely misses you.
You barely miss Blork the orc.
Blork the orc is moderately wounded.
Blork the orc hits you with a +2 battleaxe of electrocution.
You are electrocuted!!
You feel very mighty all of a sudden.
Blork the orc points at you and mumbles some strange words.
The puff of frost misses you. Blork the orc barely misses you.
You closely miss Blork the orc.
Blork the orc is moderately wounded.
You block Blork the orc's attack. Blork the orc closely misses you.
You sock Blork the orc!
Blork the orc is severely wounded.
You block Blork the orc's attack. Blork the orc casts a spell at you.
The magic dart hits you.
You sock Blork the orc!
Blork the orc is almost dead.
Blork the orc hits you with a +2 battleaxe of electrocution.
* * * LOW HITPOINT WARNING * * *
You are electrocuted!
You die...

...# .. #.### .>
#...##...###...#
#...<.........
######.#######
#......#
#.####.# ### #
#.#######So.#
#.....)@oJo.#
##########..#
..# .


You could see Blork the orc (fast), an adder, 2 orcs and an endoplasm.

Vanquished Creatures
  Jessica (D:1)
  An orc wizard (D:4)
  Natasha (twice) (D:2)
  3 adders
  A worm (D:3)
  3 dart slugs (D:2)
  An orc (D:4)
  7 ball pythons
  6 bats
  3 endoplasms
  A giant cockroach (D:3)
  4 goblins
  4 hobgoblins
  3 jackals (D:1)
  5 kobolds
  3 rats
48 creatures vanquished.

Notes
Turn   | Place    | Note
-------+----------+-------------------------------------------
     0 | D:1      | Ivernyr the Formicid Fighter began the quest for the Orb.
     0 | D:1      | Reached XP level 1. HP: 18/18 MP: 1/1
    99 | D:1      | Reached XP level 2. HP: 24/24 MP: 2/2
   120 | D:1      | You fall into a shaft and drop 1 floor!
   315 | D:1      | Reached XP level 3. HP: 29/29 MP: 3/3
   666 | D:2      | Noticed Jessica
   668 | D:2      | Noticed Natasha
   692 | D:1      | Killed Jessica
   693 | D:1      | Reached XP level 4. HP: 16/37 MP: 4/4
   784 | D:2      | Killed Natasha
   839 | D:2      | Noticed Natasha
   849 | D:2      | Killed Natasha
   850 | D:2      | Reached XP level 5. HP: 33/42 MP: 5/5
  1619 | D:3      | Found a runed translucent door.
  1620 | D:3      | Noticed chujev's ghost (novice MfVM)
  1956 | D:4      | Noticed Blork the orc
  1966 | D:4      | Reached skill level 5 in Shields
  1978 | D:4      | Slain by Blork the orc

Illustrated notes

Levels and vault maps discovered:
D:1:      lightli_iron_boxes, layout_basic, hangedman_decor_points
D:2:      layout_rooms, uniq_natasha, uniq_jessica
D:3:      layout_loops_ring, gammafunk_ghost_grave, minmay_misc_feat_encased,
          chequers_serial_rivers_marsh
D:4:      layout_rooms, grunt_temple_overflow_open, cheibrodos_sewer_entry_bend,
          minmay_misc_feat_cross, nicolae_take_the_stairs,
          uniq_crazy_yiuf_cottage, uniq_blork_the_orc

Skill      XL: |  1  2  3  4  5 |
---------------+----------------+-----
Maces & Flails | 3 |  3.8
Fighting       | 4 |  4.2
Armour         | 4 |  4.2
Shields        | 5 |  5.0

Action                     |  1- 3 |  4- 6 || total
---------------------------+-------+-------++-------
  Melee: Flail             |    61 |   103 ||   164
    Use: Potion            |       |     1 ||     1
 Armour: Scale mail        |    28 |     1 ||    29
         Chain mail        |       |    36 ||    36
  Dodge: Dodged            |    22 |    32 ||    54
  Block: Buckler           |    31 |    53 ||    84
         Reflection        |       |     3 ||     3
